AoeStats
← Master

Black Forest

510538518Analyzed
4v4 RM · 21h ago on Oct 1, 2026· 58m 43s· 8 players
Game mode
Random Map
Map size
Large (8 player)
Population
200
Speed
Normal
Resources
Standard
Victory
Conquest
Starting age
Dark Age
Ending age
Imperial Age
RankedLock teamsTeams togetherTeam positionsShared explorationLock speedFull tech treeHidden civsTurbo modeCheats
Victory
Defeat
🇨🇳 Danes · China
984
+12
🇮🇳 Saxons · India
939
+14
🇨🇳 Romans · China
901
+16
🇮🇳 Teutons · India
833
+19
🇵🇪 Byzantines · Peru
945
-17
🇩🇪 Vikings · Germany
906
-16
🇧🇷 Khmer · Brazil
887
-15
🇨🇳 Britons · China
846
-13
MylordSoares
12:40 Feudal Age
15:32 Double-Bit Axe
16:33 Horse Collar
19:36 Castle Age
26:05 Imperial Age
25:10 Gold Mining
25:11 Stone Mining
27:06 Bow Saw
27:14 Heavy Plow
30:54 Chemistry
29:50 Murder Holes
TTVBrophetLIVE
1:44 Loom
12:10 Feudal Age
12:37 Double-Bit Axe
13:54 Horse Collar
22:22 Castle Age
22:37 Fletching
23:24 Bow Saw
23:37 Heavy Plow
23:06 Crossbowman
27:40 Stone Mining
27:46 Gold Mining
30:54 Bodkin Arrow
31:15 Chieftains
33:06 Forging
32:56 Scale Mail Armor
35:01 Gold Shaft Mining
35:11 Chain Mail Armor
36:52 Iron Casting
36:24 Squires
36:09 Arson
39:30 Imperial Age
39:40 Elite Berserk
40:44 Conscription
41:36 Blast Furnace
41:07 Plate Mail Armor
40:37 Bracer
42:19 Two-Man Saw
Juminican
1:07 Loom
13:39 Feudal Age
19:17 Castle Age
17:31 Fletching
18:23 Double-Bit Axe
18:43 Horse Collar
19:26 Arson
20:14 Forging
20:05 Scale Mail Armor
23:36 Squires
26:48 Gold Mining
26:50 Stone Mining
30:33 Wheelbarrow
30:39 Heavy Plow
33:50 Imperial Age
31:52 Bow Saw
32:24 Scale Barding Armor
32:55 Iron Casting
33:07 Gold Shaft Mining
33:04 Chain Mail Armor
33:36 Hand Cart
35:02 Logistica
38:17 Ballistics
38:58 Chemistry
39:43 Chain Barding Armor
39:21 Bodkin Arrow
41:01 Husbandry
40:22 Light Cavalry
42:08 Hussar
43:45 Plate Barding Armor
42:37 Elite Skirmisher
雷欧
8:48 Loom
11:27 Feudal Age
16:18 Castle Age
14:24 Double-Bit Axe
14:21 Horse Collar
18:53 Bow Saw
20:37 Fishing Lines
22:49 Heavy Plow
23:40 Gillnets
24:43 Wheelbarrow
28:23 Hand Cart
27:54 Town Watch
28:22 Gold Mining
28:22 Stone Mining
31:12 Imperial Age
28:28 Town Watch
30:24 Gold Shaft Mining
31:46 Fletching
31:57 Padded Archer Armor
31:41 Treadmill Crane
32:21 Ballistics
32:12 Masonry
32:41 Bodkin Arrow
33:34 Leather Archer Armor
34:08 Conscription
34:15 Yeomen
34:11 Guilds
34:05 Caravan
33:52 Elite Longbowman
35:45 Warwolf
37:07 Two-Man Saw
36:57 Hoardings
37:28 Chemistry
36:58 Architecture
36:34 Siege Engineers
36:20 Guard Tower
39:21 Siege Engineers
41:07 Bracer
41:37 Ring Archer Armor
41:08 Scale Mail Armor
41:18 Forging
46:01 Iron Casting
45:42 Chain Mail Armor
45:31 Squires
45:17 Gambesons
45:17 Arson
46:10 Keep
Master
0:47 Loom
12:39 Feudal Age
19:50 Castle Age
17:37 Fishing Lines
20:14 Double-Bit Axe
21:53 Bow Saw
21:59 Gillnets
23:59 Wheelbarrow
24:10 Gold Mining
25:58 Hand Cart
27:15 Horse Collar
29:03 Town Watch
32:19 Imperial Age
29:45 Fletching
29:56 Padded Archer Armor
31:06 Ballistics
31:02 Town Patrol
31:20 Bodkin Arrow
31:41 Leather Archer Armor
31:56 Thumb Ring
32:29 Heavy Mounted Crossbowman
32:30 Cranequins
33:27 Caravan
34:14 Elite Varangian Guard
34:41 Arson
34:58 Squires
34:46 Gambesons
34:24 Shield Wall
35:25 Conscription
36:00 Heavy Plow
37:02 Two-Man Saw
36:40 Ring Archer Armor
36:11 Bracer
36:13 Scale Mail Armor
36:24 Forging
37:21 Chemistry
36:34 Masonry
40:15 Gold Shaft Mining
39:33 Stone Mining
41:35 Capped Ram
42:51 Scale Barding Armor
43:23 Iron Casting
43:03 Chain Mail Armor
42:42 Siege Ram
44:19 Husbandry
44:30 Bloodlines
43:41 Cavalier
46:32 Crop Rotation
48:47 Chain Barding Armor
49:38 Elite Skirmisher
53:34 Architecture
53:09 Siege Engineers
58:18 Guilds
vinsin4105
0:43 Loom
13:24 Feudal Age
18:53 Castle Age
18:25 Double-Bit Axe
18:24 Horse Collar
24:07 Fortified Wall
24:51 Wheelbarrow
30:06 Imperial Age
27:50 Fletching
28:37 Town Watch
29:07 Hand Cart
29:55 Masonry
30:36 Bow Saw
30:32 Heavy Plow
31:52 Chemistry
33:34 Crenellations
35:05 Ballistics
34:56 Town Patrol
35:33 Conscription
35:49 Hoardings
38:08 Ironclad
37:38 Heavy Scorpion
48:15 Caravan
51:22 Siege Engineers
51:03 Arrowslits
51:37 Onager
53:32 Siege Onager
54:36 Bloodlines
55:17 Scale Barding Armor
56:16 Forging
56:28 Chain Barding Armor
59:22 Iron Casting
59:23 Plate Barding Armor
potatoes
12:44 Feudal Age
13:35 Horse Collar
19:10 Castle Age
23:09 Double-Bit Axe
25:56 Bow Saw
25:50 Heavy Plow
34:29 Gambesons
34:44 Squires
34:30 Arson
36:17 Scale Mail Armor
36:27 Forging
36:08 Fletching
38:06 Hamask
42:09 Imperial Age
39:27 Town Watch
40:18 Wheelbarrow
39:28 Loom
39:42 Gold Mining
39:43 Stone Mining
42:13 Chain Mail Armor
42:34 Iron Casting
41:54 Bodkin Arrow
43:36 Elite Varangian Guard
44:45 Onager
45:19 Northmen's Fury
46:19 Conscription
47:34 Chemistry
46:55 Ballistics
48:49 Blast Furnace
48:20 Plate Mail Armor
47:51 Bracer
48:47 Gold Shaft Mining
48:48 Stone Shaft Mining
48:15 Town Patrol
48:31 Hand Cart
48:13 Onager
49:07 Siege Engineers
52:57 Siege Onager
caihongjiuzi
7:42 Loom
13:29 Feudal Age
18:38 Castle Age
16:15 Man-at-Arms
16:44 Horse Collar
17:02 Double-Bit Axe
21:20 Wheelbarrow
20:52 Gold Mining
21:41 Long Swordsman
24:42 Gold Shaft Mining
24:21 Bow Saw
28:48 Hand Cart
36:49 Imperial Age
34:57 Stone Mining
35:09 Scale Mail Armor
35:20 Forging
36:36 Heavy Plow
38:19 Heavy Scorpion
39:29 Ballistics
39:46 Ballistas
41:52 Crop Rotation
41:21 Capped Ram
43:20 Comitatenses
43:31 Legionary
46:05 Chemistry
45:10 Siege Engineers
46:48 Conscription
47:28 Bloodlines
47:19 Husbandry
48:07 Siege Ram
51:33 Chain Mail Armor
51:28 Forging
52:23 Chemistry
50:46 Elite Centurion
51:36 Cavalier
Connection lost

Rejoining the realm…

Still unreachable

The connection could not be restored.

Session expired

The server has moved on; the page needs a fresh start.